 Dungeon Crawl Stone Soup version 0.28.0-43-g3370ac3207 (webtiles) character file.

Game seed: 11830371755347484917

78 pkoi the Gusty (level 4, 0/27 HPs)
             Began as an Octopode Air Elementalist on Mar 17, 2022.
             Slain by an ice beast (5 damage)
             ... on level 3 of the Dungeon.
             The game lasted 00:02:39 (3148 turns).

pkoi the Gusty (Octopode Air Elementalist)          Turns: 3148, Time: 00:02:40

Health: 0/27       AC:  1    Str:  7    XL:     4   Next: 36%
Magic:  4/7        EV: 13    Int: 19    God:
Gold:   103        SH:  0    Dex: 12    Spells: 1/7 levels left

rFire   . . .      SeeInvis .   e - +0 dagger (elec)
rCold   . . .      Faith    .   (no shield)
rNeg    . . .      Spirit   .   (helmet restricted)
rPois   .          Reflect  .   (no amulet)
rElec   .          Harm     .   (no ring)
rCorr   .          Rampage  .   (no ring)
Will    .....                   (no ring)
Stlth   +++.......              (no ring)
HPRegen 0.09/turn               (no ring)
MPRegen 0.10/turn               (no ring)
                                (no ring)
                                (no ring)

@: no status effects
A: almost no armour, amphibious, 8 rings, camouflage 1, gelatinous body 1,
(nimble swimmer 1), tentacles
a: no special abilities


You were on level 3 of the Dungeon.
You visited 1 branch of the dungeon, and saw 3 of its levels.

You collected 103 gold pieces.

Inventory:

Hand Weapons
 a - a +0 vorpal short sword
 e - a +0 dagger of electrocution (weapon)
Scrolls
 b - 2 scrolls of identify
 c - a scroll of teleportation
Potions
 d - a potion of haste


   Skills:
 - Level 2.0 Dodging
 - Level 2.6 Stealth
 - Level 2.0 Spellcasting
 - Level 1.0 Conjurations
 + Level 5.0 Air Magic


You had one spell level left.
You knew the following spells:

 Your Spells              Type           Power      Damage    Failure   Level
a - Shock                 Conj/Air       52%        1d6       4%          1
b - Static Discharge      Conj/Air       13%        N/A       8%          2
c - Swiftness             Air            21%        N/A       6%          3

Your spell library contained the following spells:

 Spells                   Type           Power      Damage    Failure   Level
 Airstrike                Air            10%        N/A       21%         4


Dungeon Overview and Level Annotations

Branches:
Dungeon (3/15)

Altars:

Shops:
D:1 :


Innate Abilities, Weirdness & Mutations

You cannot wear most types of armour.
You are amphibious.
You can wear up to eight rings at the same time.
Your skin changes colour to match your surroundings (Stealth+).
Your rubbery body absorbs attacks. (AC +1, EV +1)
((You are camouflaged when in or above water. (Stealth+)))
You have tentacles for arms and can constrict up to eight enemies at once.


Message History

The ice beast is heavily wounded.
You climb upwards.
There is a stone staircase leading down here.
You start resting.
Magic restored.
You start waiting.
Done waiting.
You see here a stone.
There is a stone staircase leading down here.
You climb downwards.
There is a stone staircase leading up here.
Unknown command.
Unknown command.
You see here an adder skeleton.
An ice beast is nearby!
An ice beast is nearby!
You see here an adder skeleton.
Aiming: Shock (safe; 4% risk of failure)
Press: ? - help, Q - select action, (/) - cycle Shift-Dir - straight line The zap misses the ice beast. x2
The ice beast hits you. The ice beast freezes you!
* * * LOW HITPOINT WARNING * * *
Unknown command.
Aiming: Shock (safe; 4% risk of failure)
Press: ? - help, Q - select action, (/) - cycle Shift-Dir - straight line The zap hits the ice beast.
The ice beast is lightly wounded.
The zap misses the ice beast.
The ice beast hits you.
* * * LOW HITPOINT WARNING * * *
The ice beast freezes you!
* * * LOW HITPOINT WARNING * * *
Aiming: Shock (safe; 4% risk of failure)
Press: ? - help, Q - select action, (/) - cycle Shift-Dir - straight line The zap hits the ice beast but does no damage.
The ice beast is lightly wounded.
The zap hits the ice beast.
The ice beast is lightly wounded.
The ice beast hits you.
You die...

#≈≈≈.######..#
#≈≈≈≈≈≈....#
#.≈..≈≈≈≈#.# ##
.....##.##≈≈≈.# ..
... #..##≈#)...# .
##..### ....
##..###.#.#
##.Y...#... ##
###@###.# .. .#
###.......#
#.##.#..
###...#.#####
#.Y<....
##########...###.#
###.##..
...........#####.#
#.#
.......<.......###
#..
.........#####....
... ########## ##
##.# .#


You could see an ice beast.

Vanquished Creatures
  3 adders
  An adder skeleton (D:2)
  3 worms
  3 endoplasms (D:2)
  4 giant cockroaches
  4 goblins
  5 hobgoblins
  A ball python (D:2)
  4 bats
  3 frilled lizards
  6 kobolds
  4 rats
41 creatures vanquished.

Notes
Turn   | Place    | Note
-------+----------+-------------------------------------------
     0 | D:1      | pkoi the Octopode Air Elementalist began the quest for the
                  | Orb.
     0 | D:1      | Reached XP level 1. HP: 11/11 MP: 3/3
     0 | D:1      | Found Feul's Book Shoppe.
   270 | D:1      | Reached XP level 2. HP: 17/17 MP: 0/5
   890 | D:1      | Reached skill level 4 in Air Magic
  1242 | D:2      | Reached XP level 3. HP: 21/21 MP: 2/6
  1382 | D:2      | Learned a level 2 spell: Static Discharge
  1386 | D:2      | Learned a level 3 spell: Swiftness
  1868 | D:2      | Found a faded altar of an unknown god.
  2165 | D:2      | Reached XP level 4. HP: 27/27 MP: 7/7
  2695 | D:3      | Noticed an ice beast
  2744 | D:3      | Reached skill level 5 in Air Magic
  3148 | D:3      | Slain by an ice beast

Illustrated notes

Levels and vault maps discovered:
D:1:      minmay_arrival_stone_box, layout_basic, serial_shops, shop
D:2:      layout_loops_ring, ebering_ecumenical_altar_rust,
          kennysheep_generic_room_13
D:3:      layout_rooms, chequers_serial_rivers_small_a,
          minmay_goblin_kobold_house

Skill      XL: |  1  2  3  4 |
---------------+-------------+-----
Air Magic      | 4 5 |  5.0
Dodging        | |  2.0
Stealth        | |  2.6
Spellcasting   | |  2.0
Conjurations   | |  1.0

Action                   |  1- 3 |  4- 6 || total
-------------------------+-------+-------++-------
Melee: Short sword       |    13 |       ||    13
       Tentacles         |     4 |       ||     4
       Constrict         |     3 |       ||     3
 Cast: Shock             |    67 |    27 ||    94
  Use: Scroll            |     5 |       ||     5
 Stab: Sleeping          |     1 |       ||     1
Armor: Skin              |     3 |       ||     3
Dodge: Dodged            |     7 |     2 ||     9
